 Dungeon Crawl Stone Soup version 0.26.1-2-gb8aa6d0cf2 (webtiles) character file.

Game seed: 2675980632677956033

38 Descartes the Conjurer (level 3, -4/20 HPs)
             Began as a Deep Elf Wanderer on Mar 30, 2021.
             Slain by an ogre
             ... wielding a +0 giant club
              (24 damage)
             ... on level 2 of the Dungeon.
             The game lasted 00:03:26 (1287 turns).

Descartes the Conjurer (Deep Elf Wanderer)          Turns: 1287, Time: 00:03:28

Health: -4/20      AC:  5    Str: 12    XL:     3   Next: 25%
Magic:  2/9        EV: 10    Int: 17    God:
Gold:   79         SH:  0    Dex: 11    Spells: 6/7 levels left

rFire    . . .     SeeInvis .   a - +0 shortbow
rCold    . . .     Faith    .   (shield currently unavailable)
rNeg     . . .     Spirit   .   e - +0 ring mail
rPois    .         Reflect  .   (no helmet)
rElec    .         Harm     .   (no cloak)
rCorr    .         Rampage  .   (no gloves)
Will     .....                  (no boots)
Stlth    +.........             (no amulet)
HPRegen  0.06/turn              (no ring)
MPRegen  0.11/turn              (no ring)

@: very slightly contaminated
A: no striking features
a: no special abilities


You were on level 2 of the Dungeon.
You visited 1 branch of the dungeon, and saw 2 of its levels.

You collected 79 gold pieces.

Inventory:

Hand Weapons
 a - a +0 shortbow (weapon)
 b - a +0 dagger
 p - a +0 hunting sling
Missiles
 c - 77 stones
 d - 19 arrows (quivered ammo)
 h - 15 bolts
 o - 18 poisoned darts
Armour
 e - a +0 ring mail (worn)
Scrolls
 g - a scroll of amnesia
 i - a scroll of teleportation
 j - a scroll of noise {unknown}
 q - 3 scrolls of identify {unknown}
Potions
 f - a potion of haste {unknown}
 k - a potion of ambrosia {unknown}
 l - a potion of degeneration {unknown}
 m - a potion of lignification {unknown}
 n - 2 potions of curing {unknown}


   Skills:
 - Level 1.5 Fighting
 - Level 1.3 Bows
 - Level 1.5 Armour
 - Level 2.4 Stealth
 + Level 2.7 Spellcasting
 + Level 3.2 Conjurations
 - Level 1.0 Air Magic


You had 6 spell levels left.
You knew the following spells:

 Your Spells              Type           Power        Failure   Level
a - Magic Dart            Conj           52%          11%         1

Your spell library contained the following spells:

 Spells                   Type           Power        Failure   Level
 Searing Ray              Conj           26%          16%         2
 Dazzling Flash           Conj/Hex       14%          52%         3
 Fulminant Prism          Conj/Hex       3%           90%         4
 Iskenderun's Mystic Bla  Conj/Tloc      7%           90%         4


Dungeon Overview and Level Annotations

Branches:
Dungeon (2/15)

Altars:


Message History

The magic dart hits the ogre but does no damage.
The ogre is moderately wounded.
Casting: Magic Dart (safe; 11% risk of failure)
Confirm with . or Enter, or press ? or * to list all spells.
Aiming: Magic Dart (safe; 11% risk of failure)
Press: ? - help, Shift-Dir - straight line, f/p - ogre
Aim: an ogre, wielding a +0 giant club (moderately wounded, 0% to evade)
The magic dart hits the ogre.
The ogre is moderately wounded.
The ogre barely misses you.
Unknown command.
Casting: Magic Dart (safe; 11% risk of failure)
Confirm with . or Enter, or press ? or * to list all spells.
Aiming: Magic Dart (safe; 11% risk of failure)
Press: ? - help, Shift-Dir - straight line, f/p - ogre
Aim: an ogre, wielding a +0 giant club (moderately wounded, 0% to evade)
You miscast Magic Dart.
Nothing appears to happen.
The ogre hits you with a +0 giant club!!
Ouch! That really hurt!
You die...

...# ..# (.. ... #.# ###
#.# ..# ### #O# #.##..#
#@#####.....# ##
#..#>......# .##.
#....##.#### ...
#..####..# ### #.# #..##
##.# ..###.###...#
#.######### ...#.....#.#
#........#.
##.#..รท###.###########...
####......###......## ##..


You could see an ogre.

Vanquished Creatures
  2 adders (D:2)
  2 bats
  A giant cockroach (D:1)
  3 goblins (D:1)
  A hobgoblin (D:2)
  3 jackals (D:2)
  A frilled lizard (D:1)
  4 kobolds (D:1)
  A rat (D:1)
18 creatures vanquished.

Notes
Turn   | Place    | Note
-------+----------+-------------------------------------------
     0 | D:1      | Descartes the Deep Elf Wanderer began the quest for the
                  | Orb.
     0 | D:1      | Descartes set off with the following items: a +0 shortbow,
                  | a +0 ring mail, 22 arrows, a +0 dagger; and the following
                  | spell memorised: Magic Dart; and the following spells
                  | available to memorise: Searing Ray, Dazzling Flash,
                  | Fulminant Prism, Iskenderun's Mystic Blast
     0 | D:1      | Reached XP level 1. HP: 12/12 MP: 3/3
   282 | D:1      | Reached skill level 1 in Spellcasting
   534 | D:1      | Reached XP level 2. HP: 16/16 MP: 4/6
   985 | D:2      | Reached skill level 3 in Conjurations
  1129 | D:2      | Reached XP level 3. HP: 20/20 MP: 1/9
  1279 | D:2      | Noticed an ogre
  1287 | D:2      | Slain by an ogre

Illustrated notes

Levels and vault maps discovered:
D:1:      dpeg_arrival_court, layout_basic, hangedman_abyss_or_decor_lesser_grid
D:2:      layout_rooms, general_overflow_altar, nicolae_tso_swordbearing_angel,
          minmay_circle_x

Skill      XL: |  1  2 |
---------------+-------+-----
Spellcasting   | 1 2 |  2.7
Conjurations   | 3 |  3.2
Fighting       | |  1.5
Bows           | |  1.3
Armour         | |  1.5
Stealth        | |  2.4
Air Magic      | |  1.0

Action                   || total
-------------------------++-------
 Fire: Shortbow          ||    41
 Cast: Magic Dart        ||    30
  Use: Scroll            ||     3
Armor: Ring mail         ||    14
Dodge: Dodged            ||    19
